 Dungeon Crawl Stone Soup version 0.18.1-5-g4a78601 (webtiles) character file.

196 Implojin the Insei (level 5, -9/41 HPs)
             Began as a Mummy Monk on May 13, 2016.
             Mangled by Crazy Yiuf
             ... wielding a +4 quarterstaff of chaos
              (11 damage)
             ... on level 3 of the Dungeon.
             The game lasted 00:18:30 (6824 turns).

Implojin the Insei (Mummy Monk)                     Turns: 6824, Time: 00:18:30

Health: -9/41      AC:  0    Str: 14    XL:     5   Next: 45%
Magic:  5/5        EV: 13    Int: 10    God:
Gold:   243        SH:  0    Dex: 15    Spells: 0 memorised, 4 levels left

rFire  . . .     SeeInvis .       - Unarmed
rCold  . . .     Gourm    .     (no armour)
rNeg   + + +     Faith    .     (no shield)
rPois  ∞         Spirit   .     (no helmet)
rElec  .         Dismiss  .     (no cloak)
rCorr  .         Reflect  .     (no gloves)
SustAt .         Harm     .     (no boots)
MR     .....                    (no amulet)
Stlth  +++.......               e - ring of fire
                                c - ring of stealth

@: not resistant to hostile enchantments, fairly stealthy
A: no food or potions, fire vulnerability, cold resistance 1, negative energy
resistance 3, torment resistance, unbreathing
a: no special abilities


You were on level 3 of the Dungeon.
You were not hungry.

You visited 1 branch of the dungeon, and saw 3 of its levels.

You collected 243 gold pieces.

Inventory:

Jewellery
 c - a ring of stealth (left hand)
 d - an uncursed amulet of harm {unknown}
 e - a ring of fire (right hand)
 k - an uncursed ring of see invisible
Scrolls
 b - a scroll of fear {unknown}
 f - a scroll of teleportation {unknown}
 g - a scroll of noise {unknown}
 h - a scroll of immolation
 j - a scroll of enchant weapon {unknown}
Comestibles
 a - 2 bread rations (quivered)
 i - a meat ration


   Skills:
 - Level 3.0 Fighting
 - Level 2.4 Dodging
 - Level 1.5 Stealth
 * Level 5.6 Unarmed Combat


You had 4 spell levels left.
You didn't know any spells.

Dungeon Overview and Level Annotations

Branches:
Dungeon (3/15)

Altars:
Ashenzari
Nemelex Xobeh
Pakellas
Trog
Vehumet

Annotations:
D:2 8 exclusions, Sigmund, Terence
D:3 Crazy Yiuf


Innate Abilities, Weirdness & Mutations

You do not eat or drink.
Your flesh is vulnerable to fire.
You are immune to poison.
Your flesh is cold resistant.
You are immune to negative energy.
You are immune to unholy pain and torment.
You can survive without breathing.


Message History

You open the door.
Found a glowing mace.
Crazy Yiuf the Enlightened comes into view.
He is wielding a quarterstaff of chaos.
Partly explored, can't reach some places.
Put on which piece of jewellery? (? for menu, Esc to quit)
Okay, then.
Read which item? (? for menu, Esc to quit)
Okay, then.
Read which item? (? for menu, Esc to quit)
As you read the scroll labeled HOBEZA AGEWA, it crumbles to dust.
The air around you briefly surges with heat, but it dissipates.
It was a scroll of immolation.
Read which item? (? for menu, Esc to quit)
Okay, then.
Put on which piece of jewellery? (? for menu, Esc to quit)
You're wearing all the rings you can.
Remove which one? (? for menu, Esc to cancel) < or
c - a ring of stealth; > or
e - a ring of fire You remove your ring of stealth.
k - a ring of see invisible (left hand) Put on which piece of jewellery? (? for menu, Esc to quit)
You're wearing all the rings you can.
Remove which one? (? for menu, Esc to cancel) < or
k - a ring of see invisible; > or
e - a ring of fire You remove your ring of see invisible.
c - a ring of stealth (left hand) Unknown command.
Unknown command.
The helpless Crazy Yiuf fails to defend himself.
You hit Crazy Yiuf.
Crazy Yiuf is lightly wounded.
You hit Crazy Yiuf.
Crazy Yiuf is moderately wounded.
Crazy Yiuf hits you with a quarterstaff of chaos!
You convulse!
* * * LOW HITPOINT WARNING * * *
Crazy Yiuf hits you with a quarterstaff of chaos!
* * * LOW HITPOINT WARNING * * *
You are electrocuted!
You die...

.#
##.#####...#####.####.#
.#
#....................#
.#
#######..(#####.###..#
.#### ##.## #.###..#
....# #.# #......#
.##.# ### #####.##
.##.# #.# .##.#
########.###### .##.#
########@#....#......#
##..#
#...##.g#............#
....###
#.....####......###..#
......# #)..###
##..........# #...###
##### ####.......#
##.## #..###..# ####
##......# # ###
#......## # #'#
##.#####


You could see Crazy Yiuf.

Vanquished Creatures
  Ijyb (D:1)
  9 adders
  6 worms (D:2)
  A dart slug (D:2)
  2 giant geckos (D:1)
  An orc (D:3)
  2 giant cockroaches
  6 goblins
  9 hobgoblins
  3 jackals (D:2)
  2 quokkas (D:3)
  3 ball pythons (D:2)
  8 bats
  A giant newt (D:2)
  5 kobolds
  14 rats
73 creatures vanquished.

Notes
Turn   | Place    | Note
--------------------------------------------------------------
     0 | D:1      | Implojin the Mummy Monk began the quest for the Orb.
     0 | D:1      | Reached XP level 1. HP: 18/18 MP: 1/1
   890 | D:1      | Reached XP level 2. HP: 24/24 MP: 2/2
  1420 | D:1      | Found a sparkling altar of Nemelex Xobeh.
  1590 | D:2      | Reached skill level 4 in Unarmed Combat
  1770 | D:2      | Noticed Ijyb
  1986 | D:1      | Killed Ijyb
  1986 | D:1      | Reached XP level 3. HP: 8/29 MP: 3/3
  2778 | D:2      | Noticed a moth of wrath
  2781 | D:2      | Found a bloodstained altar of Trog.
  2958 | D:2      | Reached XP level 4. HP: 22/35 MP: 4/4
  3503 | D:2      | Found an oddly glowing altar of Pakellas.
  3528 | D:2      | Noticed Sigmund
  3946 | D:2      | Noticed Terence
  3949 | D:2      | Found a shattered altar of Ashenzari.
  3995 | D:2      | Reached skill level 5 in Unarmed Combat
  5173 | D:2      | Reached XP level 5. HP: 32/41 MP: 5/5
  5858 | D:3      | Found a faded altar to an unknown god.
  6157 | D:3      | Found a radiant altar of Vehumet.
  6794 | D:3      | Noticed Crazy Yiuf
  6824 | D:3      | HP: 2/41 [Crazy Yiuf/quarterstaff of chaos (13)]
  6824 | D:3      | Mangled by Crazy Yiuf

Skill      XL: |  1  2  3  4 |
---------------+-------------+-----
Unarmed Combat | 4 5 |  5.6
Fighting       | |  3.0
Dodging        | |  2.4
Stealth        | |  1.5

Action                   |  1- 3 |  4- 6 || total
-------------------------+-------+-------++-------
Melee: Unarmed           |   129 |   200 ||   329
       Punch             |     2 |     3 ||     5
  Use: Scroll            |     1 |     1 ||     2
 Stab: Sleeping          |     7 |     6 ||    13
       Distracted        |     1 |     1 ||     2
Dodge: Dodged            |    75 |   117 ||   192

Table legend:
 A = Turns spent in this place as a percentage of turns spent in the entire game.
 B = Non-inter-level travel turns spent in this place as a percentage of non-inter-level travel turns spent in the entire game.
 C = Inter-level travel turns spent in this place as a percentage of turns spent in this place.
 D = Turns resting spent in this place as a percentage of non-inter-level travel turns spent in this place.
 E = Turns spent auto-exploring this place as a percentage of non-inter-level travel turns spent in this place.
 F = Non-inter-level travel turns spent in this place divided by the number of levels of this place that you've seen.
                   A       B       C       D       E      F
               +-------+-------+-------+-------+-------+----------------------
         Total | 100.0 | 100.0 |   0.4 |   5.4 |   4.9 | 539.3
       Dungeon | 100.0 | 100.0 |   0.4 |   5.4 |   4.9 | 539.3
               +-------+-------+-------+-------+-------+----------------------

Table legend:
 A = Kills in this place as a percentage of kills in entire the game.
 B = Kills by you in this place as a percentage of kills by you in the entire game.
 C = Kills by friends in this place as a percentage of kills by friends in the entire game.
 D = Other kills in this place as a percentage of other kills in the entire game.
 E = Experience gained in this place as a percentage of experience gained in the entire game.
 F = Experience gained in this place divided by the number of levels of this place that you have seen.
                   A       B       C       D       E      F
               +-------+-------+-------+-------+-------+----------------------
         Total | 100.0 | 100.0 |  -nan |  -nan | 100.0 |  93.3
       Dungeon | 100.0 | 100.0 |  -nan |  -nan | 100.0 |  93.3
               +-------+-------+-------+-------+-------+----------------------
